 Seeded DCSS version 0.27-a0-1154-gfdeffcb720 (webtiles) character file.

Game seed: 6919691055512990457 (custom seed)

126 donath the Insei (level 5, -2/36 HPs)
             Began as an Octopode Transmuter on May 14, 2021.
             Was an Initiate of Cheibriados.
             Splashed by a jelly's acid (8 damage)
             ... on level 4 of the Dungeon.
             The game lasted 00:19:59 (3324 turns).

donath the Insei (Octopode Transmuter)              Turns: 3324, Time: 00:20:00

Health: -2/36      AC:  1    Str: 10    XL:     5   Next: 9%
Magic:  5/8        EV: 13    Int: 17    God:    Cheibriados [......]
Gold:   129        SH:  7    Dex: 20    Spells: 2/8 levels left

rFire    . . .     SeeInvis +     - Unarmed
rCold    . . .     Faith    .   w - +3 warlock's mirror {reflect}
rNeg     . . .     Spirit   .   (helmet restricted)
rPois    .         Reflect  +   (no amulet)
rElec    .         Harm     .   m - +6 ring of dexterity
rCorr    .         Rampage  .   v - ring of see invisible
Will     .....                  (no ring)
Stlth    +++.......             (no ring)
HPRegen  0.12/turn              (no ring)
MPRegen  0.11/turn              (no ring)
                                (no ring)
                                (no ring)

@: very slow
A: almost no armour, amphibious, 8 rings, camouflage 1, gelatinous body 1,
(nimble swimmer 1), tentacles
a: Renounce Religion, Bend Time


You were on level 4 of the Dungeon.
You worshipped Cheibriados.
Cheibriados was noncommittal.
You visited 2 branches of the dungeon, and saw 5 of its levels.

You collected 129 gold pieces.

Inventory:

Hand Weapons
 j - a +0 trident
Missiles
 a - 67 stones (quivered)
 n - 21 bolts
 o - 15 sling bullets
 u - 19 arrows
Armour
 g - a +0 tower shield
 w - the +3 warlock's mirror (worn) {reflect}
   (You acquired it in the Ecumenical Temple)
Magical Staves
 i - a staff of cold
Jewellery
 c - a ring of fire
 m - a +6 ring of dexterity (left tentacle)
 v - a ring of see invisible (right tentacle)
Scrolls
 d - a scroll of enchant weapon {unknown}
 e - a scroll of identify {unknown}
 f - 4 scrolls of acquirement
 h - a scroll of fog {unknown}
 l - a scroll of fear {unknown}
 t - a scroll of magic mapping {unknown}
Potions
 b - a potion of magic {unknown}
 k - a potion of haste {unknown}
 p - a potion of might {unknown}
 q - a potion of resistance {unknown}
 r - a potion of heal wounds {unknown}
 s - a potion of lignification {unknown}


   Skills:
 - Level 3.0 Fighting
 - Level 0.2 Short Blades
 - Level 0.1 Throwing
 - Level 2.0 Dodging
 - Level 1.0 Stealth
 - Level 4.0 Unarmed Combat
 + Level 2.2 Spellcasting
 - Level 2.0 Transmutations
 * Level 1.7 Poison Magic


You had 2 spell levels left.
You knew the following spells:

 Your Spells              Type           Power      Damage    Failure   Level
a - Beastly Appendage     Tmut           16%        N/A       14%         1
b - Wereblood             Tmut           8%         N/A       21%         2
c - Spider Form           Tmut/Pois      4%         N/A       41%         3

Your spell library contained the following spells:

 Spells                   Type           Power      Damage    Failure   Level
 Ice Form                 Ice/Tmut       5%         N/A       91%         4
 Hydra Form               Tmut           4%         N/A       98%         5


Dungeon Overview and Level Annotations

Branches:
Dungeon (4/15)             Temple (1/1) D:4

Altars:
Ashenzari
Cheibriados
Elyvilon
Kikubaaqudgha
Makhleb
Nemelex Xobeh
Okawaru
Qazlal
Ru
Sif Muna
Trog
Uskayaw
Vehumet
Xom
Yredelemnul
Zin
The Shining One


Innate Abilities, Weirdness & Mutations

You cannot wear most types of armour.
You are amphibious.
You can wear up to eight rings at the same time.
Your skin changes colour to match your surroundings (Stealth+).
Your rubbery body absorbs attacks. (AC +1, EV +1)
((You are camouflaged near water. (Stealth+)))
You have tentacles for arms and can constrict up to eight enemies at once.


Message History

Confirm with . or Enter, or press ? or * to list all spells.
Okay, then.
Throw: 70 stones
Press: ? - help, Q - select action, (/) - cycle Shift-Dir - straight line, f/p - jelly
Aim: a jelly (90% to hit)
You throw a stone. The stone hits the jelly.
The jelly is lightly wounded.
Throw: 69 stones
Press: ? - help, Q - select action, (/) - cycle Shift-Dir - straight line, f/p - jelly
Aim: a jelly (lightly wounded, 90% to hit)
You throw a stone. The stone hits the jelly.
The jelly is lightly wounded.
Throw: 68 stones
Press: ? - help, Q - select action, (/) - cycle Shift-Dir - straight line, f/p - jelly
Aim: a jelly (lightly wounded, 90% to hit)
You throw a stone.
The stone hits the jelly but does no damage.
The jelly is lightly wounded.
Casting: Beastly Appendage (safe; 14% risk of failure)
Confirm with . or Enter, or press ? or * to list all spells.
You miscast Beastly Appendage.
You are very lightly contaminated with residual magic.
Nothing appears to happen.
You tentacle-slap the jelly but do no damage.
Your tentacles burn!
The jelly is lightly wounded.
The jelly hits you. The acid corrodes you!
You are splashed with acid!
You block the jelly's attack.
Your magical contamination has completely faded away.
The jelly misses you. The jelly hits you.
You are splashed with acid!
The jelly hits you.
You are splashed with acid!
* * * LOW HITPOINT WARNING * * *
The flow of time bends around you.
The jelly resists with some effort.
You are no longer corroded.
The jelly closely misses you.
You fail to use your ability.
The jelly hits you.
* * * LOW HITPOINT WARNING * * *
You are splashed with acid!
You die...

##....##..b......
#.....##.........
#...b###.........
#....# #.........
#....# #.........
#....# .._....[..
#....# ..........
#J...# #@...#
#.#### #.# #.###
#...# #####.#
#..<#.# #.###.#
#.....#


You could see a jelly.

Vanquished Creatures
  An orc priest (D:2)
  3 adders
  2 dart slugs (D:1)
  8 orcs
  3 endoplasms
  A giant cockroach (D:2)
  7 goblins
  8 hobgoblins
  5 quokkas
  3 ball pythons
  2 bats (D:1)
  4 frilled lizards
  2 kobolds
  7 rats
56 creatures vanquished.

Notes
Turn   | Place    | Note
-------+----------+-------------------------------------------
     0 | D:1      | donath the Octopode Transmuter began the quest for the Orb.
     0 | D:1      | Reached XP level 1. HP: 13/13 MP: 3/3
   199 | D:1      | Reached XP level 2. HP: 17/18 MP: 3/5
   202 | D:1      | Learned a level 2 spell: Wereblood
   534 | D:1      | Reached XP level 3. HP: 23/23 MP: 3/6
   542 | D:1      | Learned a level 3 spell: Spider Form
   586 | D:1      | Reached skill level 4 in Unarmed Combat
   903 | D:2      | Reached skill level 1 in Poison Magic
  1281 | D:2      | Reached skill level 1 in Stealth
  1281 | D:2      | Reached XP level 4. HP: 10/29 MP: 3/7
  1885 | D:2      | Found a faded altar of an unknown god.
  2262 | D:3      | Found a white marble altar of Elyvilon.
  2267 | D:3      | Found a basalt altar of Yredelemnul.
  2488 | D:3      | Reached XP level 5. HP: 29/36 MP: 4/8
  2564 | D:3      | Found a broken altar of Ashenzari.
  2643 | D:4      | Noticed an ogre
  2722 | D:4      | Found a staircase to the Ecumenical Temple.
  2731 | Temple   | Entered the Ecumenical Temple
  3011 | Temple   | Identified 6 scrolls of acquirement
  3011 | Temple   | Acquired a ring of see invisible
  3014 | Temple   | Acquired the +3 warlock's mirror {reflect}
  3015 | Temple   | Found the +3 warlock's mirror {reflect}
  3242 | Temple   | Became a worshipper of Cheibriados the Contemplative
  3273 | D:4      | Found a shimmering altar of Xom.
  3324 | D:4      | Splashed by a jelly's acid

Illustrated notes

Levels and vault maps discovered:
D:1:      dpeg_arrival_arbitrary_a, layout_basic
D:2:      layout_loops_ring, shapermc_ecumenical_altar_mp_highgroup
D:3:      layout_basic, nicolae_overflow_hidden_temple, general_overflow_altar
D:4:      layout_basic, xom_butterflies, minmay_temple_entry_statues_pillars,
          grunt_decor_fettered, minmay_shop_grid_forest,
          amcnicky_mini_corridor_feature, serial_bayou_pond_e,
          grunt_ministairs_10
Temple:   oiseaux_autumnal_temple

Skill      XL: |  1  2  3  4 |
---------------+-------------+-----
Unarmed Combat | 4 |  4.0
Poison Magic   | 1 |  1.7
Stealth        | 1 |  1.0
Fighting       | 3 |  3.0
Short Blades   | |  0.2
Throwing       | |  0.1
Dodging        | |  2.0
Spellcasting   | |  2.2
Transmutations | |  2.0

Action                   |  1- 3 |  4- 6 || total
-------------------------+-------+-------++-------
Melee: Unarmed           |    85 |    30 ||   115
       Kick              |    16 |     8 ||    24
       Constrict         |    20 |    10 ||    30
       Tentacles         |    12 |     6 ||    18
       Punch             |     2 |     2 ||     4
Throw: Stone             |       |     4 ||     4
 Cast: Beastly Appendage |    18 |    11 ||    29
       Wereblood         |     5 |     2 ||     7
Invok: Bend Time         |       |     1 ||     1
  Use: Scroll            |       |     2 ||     2
 Stab: Sleeping          |     2 |     4 ||     6
Armor: Skin              |     6 |       ||     6
Dodge: Dodged            |    46 |     8 ||    54
Block: Buckler           |       |     1 ||     1

Table legend: (Time is in decaauts)
 A = Elapsed time spent in this place.
 B = Non-inter-level travel time spent in this place.
 C = Inter-level travel time spent in this place.
 D = Time resting spent in this place.
 E = Time spent auto-exploring this place.
 F = Levels seen in this place.
 G = Mean time per level.
                   A        B        C        D        E       F      G
               +--------+--------+--------+--------+--------+-----+--------+
         Total |   3337 |   3083 |    254 |    323 |   1384 |   5 |  667.4 |
       Dungeon |   2934 |   2751 |    183 |    323 |   1119 |   4 |  733.5 |
        Temple |    403 |    332 |     71 |      0 |    265 |   1 |  403.0 |
               +--------+--------+--------+--------+--------+-----+--------+

Top non-repeatable levels by time:
     D:2: 1152 daAuts
     D:3: 827 daAuts
     D:1: 782 daAuts
  Temple: 403 daAuts
     D:4: 171 daAuts
